Map: Ley Lines

Players

Moja

  • Race: Terran Terran
  • League: Grandmaster
  • Spawn Location: 7:00

Spirit (souL) - Winner!

  • Race: Terran Terran
  • League: Master
  • Spawn Location: 1:00

VOD

Have the link to the VOD?

Description

Time

  • Played on: July 17, 2025, 10:11 a.m.
  • Length: 7:18
Show
View Real Time Build Order
Export as new Build Order

Moja Terran 

Build Orders:  

Get SALT Encoding   

  12  0:00  SCV  
  13  0:12  SCV  
  14  0:16  Supply Depot  
  14  0:24  SCV  
  14  0:27  Refinery  
  15  0:38  SCV  
  16  0:44  Barracks  
  16  0:50  SCV  
  17  0:57  Refinery  
  17  1:02  SCV  
  18  1:14  SCV  
  19  1:31  Reaper, Orbital Command  
  20  1:34  Factory  
  20  1:44  Supply Depot  
  20  1:56  SCV  
  21  2:03  Reaper  
  22  2:08  SCV  
  23  2:19  Hellion  
  23  2:20  SCV  
  26  2:25  Command Center  
  26  2:32  SCV  
  26  2:35  Reaper  
  28  2:40  Hellion  
  28  2:41  Supply Depot  
  30  2:45  SCV  
  31  2:52  Starport  
  31  3:02  Factory Tech Lab, SCV  
  31  3:14  SCV  
  31  3:17  Barracks Reactor  
  29  3:23  Cyclone  
  29  3:27  SCV, Refinery  
  35  3:36  Starport Tech Lab  
  35  3:38  Orbital Command  
  35  3:40  SCV  
  34  3:52  SCV  
  34  4:00  Siege Tank  
  33  4:04  SCV  
  33  4:05  Marine x2, Raven  
  38  4:16  SCV  
  38  4:18  SCV  
  39  4:24  Marine x2  
  39  4:28  SCV  
  39  4:30  SCV  
  43  4:32  Supply Depot  
  43  4:33  Interference Matrix  
  43  4:40  Raven, SCV  
  43  4:42  Marine x2, SCV  
  49  4:49  Siege Tank  
  49  4:52  SCV, Supply Depot  
  53  4:54  SCV  
  54  5:00  Marine x2  
  54  5:04  SCV  
  54  5:06  SCV  
  60  5:14  Raven  
  60  5:16  SCV  
  60  5:18  SCV  
  62  5:21  Marine  
  62  5:22  Marine  
  62  5:23  Siege Tank  
  67  5:28  SCV  
  67  5:30  SCV  
  67  5:31  Supply Depot  
  67  5:34  Supply Depot  
  69  5:40  SCV  
  70  5:52  Refinery  
  70  5:53  Command Center, SCV x2  
  70  5:55  Siege Tank  
  75  6:02  Viking x2  
  79  6:05  SCV  
  79  6:07  Supply Depot  
  79  6:08  Supply Depot  
  79  6:10  SCV  
  81  6:14  Barracks  
  81  6:15  Barracks  
  81  6:17  SCV  
  82  6:22  SCV  
  83  6:26  Supply Depot  
  83  6:28  Siege Tank  
  83  6:29  SCV  
  87  6:38  SCV  
  88  6:42  SCV  
  89  6:50  SCV  
  89  6:54  SCV  
  95  7:02  SCV  
  95  7:06  SCV  
Show
View Real Time Build Order
Export as new Build Order

Spirit Terran - Winner!

Build Orders: Reaper Expand 

Get SALT Encoding   

  12  0:00  SCV  
  13  0:13  SCV  
  14  0:18  Supply Depot  
  14  0:25  SCV  
  15  0:39  SCV  
  15  0:40  Barracks  
  16  0:44  Refinery  
  16  0:51  SCV  
  17  1:03  SCV  
  18  1:15  SCV  
  19  1:27  Reaper, Orbital Command  
  20  1:38  Command Center  
  20  1:49  Supply Depot  
  20  1:53  SCV  
  21  1:59  Marine  
  22  2:05  SCV  
  22  2:06  Factory  
  23  2:10  Refinery  
  23  2:17  SCV  
  23  2:20  Bunker  
  23  2:21  Reaper  
  25  2:29  SCV  
  26  2:41  SCV  
  27  2:50  Hellion, Orbital Command  
  29  2:54  Starport, SCV  
  29  2:56  Barracks Reactor  
  30  3:06  SCV  
  30  3:11  Hellion  
  32  3:15  SCV  
  32  3:18  SCV  
  32  3:19  Refinery  
  33  3:27  SCV  
  33  3:30  SCV  
  35  3:34  Marine x2  
  35  3:36  Factory Tech Lab  
  35  3:39  SCV  
  35  3:40  Starport Tech Lab  
  38  3:42  SCV  
  38  3:44  Supply Depot  
  39  3:48  Supply Depot  
  39  3:52  Marine, SCV  
  39  3:54  SCV  
  42  3:56  Siege Tank  
  42  3:58  Marine  
  44  4:04  SCV  
  44  4:08  SCV  
  44  4:16  SCV  
  45  4:19  Interference Matrix, Raven  
  45  4:20  SCV  
  45  4:21  Supply Depot  
  48  4:28  SCV  
  47  4:32  SCV  
  47  4:35  Factory Reactor, Barracks  
  47  4:36  Barracks  
  48  4:40  SCV  
  48  4:41  Marine, Stimpack  
  48  4:44  SCV  
  51  4:52  SCV  
  52  4:53  Raven  
  52  4:56  SCV  
  52  4:59  Command Center  
  55  5:02  Refinery  
  55  5:04  SCV  
  56  5:08  SCV  
  57  5:16  SCV  
  57  5:20  Factory Tech Lab, SCV  
  58  5:27  Raven  
  58  5:28  Engineering Bay x2, SCV  
  60  5:32  SCV  
  60  5:33  Marine x5  
  67  5:40  SCV  
  68  5:45  Supply Depot  
  68  5:46  Supply Depot  
  68  5:51  Marine x2  
  68  5:54  Supply Depot  
  70  6:06  Marine x3  
  70  6:07  Siege Tank, SCV x2  
  70  6:08  Marine x2  
  70  6:11  Starport Reactor, Orbital Command  
  80  6:24  Marine x3  
  83  6:26  Marine x2  
  83  6:31  SCV x2  
  87  6:35  Barracks, Supply Depot  
  87  6:37  Barracks  
  87  6:42  Marine x3  
  87  6:44  Marine x2  
Tags
 
Matchup
TvT
Player
MojasouL
Race
Terran
Spawn Locations
Cross Positions
Add a new tag
Caveats
  • Supply blocks, unpowered buildings, or Contaminate may cause inaccurate times.
  • Supply counts are checked every 10 seconds.